 Dungeon Crawl Stone Soup version 0.22-a0-322-g60b3cfd (webtiles) character file.

151 xccam the Chopper (level 5, 0/41 HPs)
             Began as a Formicid Fighter on Apr 2, 2018.
             Was an Initiate of Cheibriados.
             Slain by an ufetubus (2 damage)
             ... summoned by Eustachio
             ... on level 4 of the Dungeon.
             The game lasted 00:02:26 (2149 turns).

xccam the Chopper (Formicid Fighter)                Turns: 2149, Time: 00:02:26

Health: 0/41       AC:  6    Str: 28    XL:     5   Next: 60%
Magic:  5/5        EV:  8    Int:  8    God:    Cheibriados [......]
Gold:   202        SH: 10    Dex: 11    Spells: 4/4 levels left

rFire    . . .     SeeInvis +   a - +0 war axe
rCold    . . .     Gourm    .   c - +0 shield
rNeg     . . .     Faith    .   b - +0 scale mail
rPois    .         Spirit   .   (helmet unavailable)
rElec    .         Reflect  .   (no cloak)
rCorr    +         Harm     .   (no gloves)
MR       .....                  (no boots)
Stlth    ..........             (no amulet)
HPRegen  0.13/turn              e - ring of flight
MPRegen  0.09/turn              t - ring of resist corrosion

@: mighty, lethally poisoned (0 -> -25), very slow
A: permanent stasis, dig shafts and tunnels, four strong arms, antennae 3
a: Dig, Shaft Self, Bend Time, Renounce Religion, Evoke Flight


You were on level 4 of the Dungeon.
You worshipped Cheibriados.
Cheibriados was noncommittal.
You were not hungry.

You visited 1 branch of the dungeon, and saw 4 of its levels.

You collected 202 gold pieces.

Inventory:

Hand Weapons
 a - a +0 war axe (weapon)
Armour
 b - a +0 scale mail (worn)
 c - a +0 shield (worn)
Jewellery
 e - a ring of flight (left hand)
 t - a ring of resist corrosion (right hand)
 u - an uncursed ring of protection from fire {unknown}
Wands
 o - a wand of clouds (4)
Scrolls
 g - a scroll of noise {unknown}
 h - 2 scrolls of immolation {unknown}
 i - 3 scrolls of teleportation {unknown}
 k - 6 scrolls of identify {unknown}
 l - 2 scrolls of amnesia {unknown}
 m - a scroll of random uselessness {unknown}
 n - 4 scrolls of remove curse {unknown}
 p - 2 scrolls of fear {unknown}
 s - a scroll of enchant armour {unknown}
Potions
 j - a potion of curing {unknown}
 q - a potion of haste {unknown}
Comestibles
 f - 8 rations


   Skills:
 - Level 3.2 Fighting
 + Level 5.4 Axes
 - Level 3.2 Armour
 - Level 3.6 Shields


You had 4 spell levels left.
You didn't know any spells.

Dungeon Overview and Level Annotations

Branches:
Dungeon (4/15)
 Temple: D:4-7

Altars:
Cheibriados

Shops:
D:4 [

Annotations:
D:4 Eustachio


Innate Abilities, Weirdness & Mutations

You cannot be hasted, slowed, berserked, paralysed or teleported.
You can dig through walls and to a lower floor.
Your four strong arms can wield two-handed weapons with a shield.
You have a pair of large antennae on your head. (SInv)


Message History

You slash the quokka!
You kill the quokka!
The quokka's corpse disappears in a puff of smoke!
You completely miss the bat.
* * * LOW HITPOINT WARNING * * *
You feel very sick. The bat hits you but does no damage.
Eustachio mumbles some strange words.
You miss Eustachio.
Eustachio is severely wounded.
You closely miss the ufetubus. You barely miss the ufetubus.
* * * LOW HITPOINT WARNING * * *
You feel sick. The bat hits you but does no damage.
The ufetubus hits you but does no damage.
You block the ufetubus's attack. x2; The ufetubus hits you.
* * * LOW HITPOINT WARNING * * *
Eustachio hits you but does no damage.
You are more poisoned.
The ufetubus hits you.
You die...

##...###...##.#
##### ###..#.#
##.#.# #...#
#####
#####..##....r.
#.....>.....#
#.####.##.#.#
#.#.#.ยง...#
........@@.#
##.####.55...#
..b.#.....#
####.#.#####
#.. # ###


You could see Eustachio, 2 ufetubi and a bat.

Vanquished Creatures
  A scorpion (D:4)
  A bullfrog skeleton (D:4)
  An adder (D:2)
  An adder zombie (D:4)
  3 worms
  A dart slug (D:1)
  2 leopard geckos
  6 bats
  2 giant cockroaches
  3 goblins
  4 hobgoblins
  8 jackals (D:1)
  4 kobolds
  2 quokkas
  A ball python (D:1)
  3 frilled lizards (D:2)
  4 rats
47 creatures vanquished.

Notes
Turn   | Place    | Note
-------+----------+-------------------------------------------
     0 | D:1      | xccam the Formicid Fighter began the quest for the Orb.
     0 | D:1      | Reached XP level 1. HP: 18/18 MP: 1/1
   150 | D:1      | Reached XP level 2. HP: 20/24 MP: 2/2
   270 | D:1      | Reached skill level 3 in Axes
   428 | D:1      | Reached XP level 3. HP: 28/29 MP: 3/3
  1072 | D:2      | Reached skill level 4 in Axes
  1072 | D:2      | Reached XP level 4. HP: 35/35 MP: 4/4
  1709 | D:3      | Found a snail-covered altar of Cheibriados.
  1727 | D:3      | Became a worshipper of Cheibriados the Contemplative
  2007 | D:4      | Found Curphok's Antique Armour Boutique.
  2098 | D:4      | Reached skill level 5 in Axes
  2098 | D:4      | Reached XP level 5. HP: 24/41 MP: 5/5
  2125 | D:4      | Noticed Eustachio
  2149 | D:4      | HP: 2/41 [ufetubus[Eustachio] (2)]
  2149 | D:4      | Slain by an ufetubus

Vault maps used:
D:1:      kilobyte_arrival_exit_the_forest, minmay_strange_pillars
D:2:      kennysheep_generic_room_11
D:3:      cheibriados_altar_1, first_ration
D:4:      nicolae_qazlal_general_emergency, serial_shops, shop, shop_fountains,
          nicolae_shop_crystal, kennysheep_mini_moat,
          wad_floor_pattern_untrapped, serial_bayou_lake_a, uniq_eustachio,
          uniq_robin

Skill      XL: |  1  2  3  4 |
---------------+-------------+-----
Axes           | 3 4 5 |  5.4
Fighting       | |  3.2
Armour         | |  3.2
Shields        | |  3.6

Action                   |  1- 3 |  4- 6 || total
-------------------------+-------+-------++-------
Melee: War axe           |   104 |    65 ||   169
  Use: Potion            |       |     2 ||     2
  Eat: Chunk             |     1 |       ||     1
       Ration            |       |     1 ||     1
Armor: Scale mail        |    47 |    24 ||    71
Dodge: Dodged            |    44 |    39 ||    83
Block: Shield            |    48 |    49 ||    97

Table legend:
 A = Spawn XP
 B = Non-spawn XP
 C = Spawn XP percentage of total XP
 D = Spawn monster count
 E = Non-spawn monster count
 F = Spawn count percentage of total count
 G = Total turns spent on level
                    A         B        C        D         E        F      G
               +---------+---------+-------+---------+---------+-------+---------
         Total |       0 |     217 |   0.0 |       0 |      47 |   0.0 |  2149
               +---------+---------+-------+---------+---------+-------+---------
           D:1 |       0 |      36 |   0.0 |       0 |      19 |   0.0 |   725
           D:2 |       0 |      48 |   0.0 |       0 |      19 |   0.0 |   716
           D:3 |       0 |      12 |   0.0 |       0 |       5 |   0.0 |   566
           D:4 |       0 |     121 |   0.0 |       0 |       4 |   0.0 |   142
               +---------+---------+-------+---------+---------+-------+---------
